[ AOE2 MATCH · #477746432 ]
UnrankedSicilians vs Saracens
[ REPLAY ANALYSIS · EXTRACTED FROM THE RECORDED GAME ]
Feudal
17:16
Castle
25:09
Imperial
—
| APM avg | 13.1 |
| APM peak | 23 |
| eAPM avg | 8.7 |
| Villagers / military | 91 / 13 |
Focus
⚔️ 15.7% · 🌾 84.3%
Serjeant ×13
Feudal
17:25
Castle
22:02
Imperial
—
| APM avg | 30.8 |
| APM peak | 70 |
| eAPM avg | 15.4 |
| Villagers / military | 183 / 2 |
Focus
⚔️ 11.5% · 🌾 88.5%
Monk ×1 · Spearman ×1
Feudal
14:23
Castle
18:08
Imperial
35:08
| APM avg | 23.6 |
| APM peak | 53 |
| eAPM avg | 18.0 |
| Villagers / military | 144 / 120 |
Focus
⚔️ 34.8% · 🌾 65.2%
Militia ×117 · Petard ×3
Feudal
—
Castle
—
Imperial
—
| APM avg | 58.2 |
| APM peak | 101 |
| eAPM avg | 27.9 |
| Villagers / military | 109 / 38 |
Focus
⚔️ 14.6% · 🌾 85.4%
Steppe Lancer ×21 · Mangudai ×12 · Battering Ram ×5
Feudal
16:01
Castle
19:46
Imperial
39:13
| APM avg | 29.6 |
| APM peak | 63 |
| eAPM avg | 18.8 |
| Villagers / military | 198 / 70 |
Focus
⚔️ 18.8% · 🌾 81.2%
Mameluke ×47 · Camel Scout ×11 · Trebuchet (Packed) ×9 · Monk ×3
Feudal
12:16
Castle
16:36
Imperial
—
| APM avg | 34.5 |
| APM peak | 108 |
| eAPM avg | 19.5 |
| Villagers / military | 80 / 39 |
Focus
⚔️ 21.2% · 🌾 78.8%
Karambit Warrior ×35 · Battering Ram ×4
Feudal
—
Castle
—
Imperial
—
| APM avg | 1.4 |
| APM peak | 23 |
| eAPM avg | 0.5 |
| Villagers / military | 5 / 0 |
Focus
⚔️ 0.0% · 🌾 100.0%
Feudal
15:10
Castle
22:17
Imperial
33:09
| APM avg | 16.7 |
| APM peak | 51 |
| eAPM avg | 9.4 |
| Villagers / military | 136 / 52 |
Focus
⚔️ 14.9% · 🌾 85.1%
Knight ×50 · Obuch ×2
Match map
Initial resources + every placement click. Lines = walls · curves = elevation contours. ◆ gold · ⬟ stone · ● berries · ✦ relic · ◌ wall gap
Your base· Open — 9t gap
小露露's base· Open — unwalled flank
MARK888's base· Open — unwalled flank
MING4888's base· Open — unwalled flank
PlanetDurant's base· Open — 14t gap
Healer_Monk (!)'s base· Open — unwalled flank
texas190789's base· Open — unwalled flank
hoangdle1993's base· Open — unwalled flank
Smoothed initial terrain · ◌ = detected wall gap · hover for details
Inputs per minute
— ***Bloody Chainsaw*** - - 小露露
Build order — ***Bloody Chainsaw***
First 150 of 197 actions detected
| 0:22 | Build | Town Center |
| 0:41 | Build | House |
| 1:54 | Build | House |
| 2:01 | Build | Lumber Camp |
| 2:29 | Create | Villager (Male) ×4 |
| 2:29 | Create | Villager (Male) ×4 |
| 2:29 | Create | Villager (Male) ×4 |
| 4:42 | Create | Villager (Male) |
| 4:42 | Create | Villager (Male) |
| 5:06 | Research | Loom |
| 5:07 | Create | Villager (Male) |
| 5:07 | Create | Villager (Male) |
| 5:29 | Create | Villager (Male) |
| 5:29 | Create | Villager (Male) |
| 6:01 | Create | Villager (Male) |
| 6:01 | Create | Villager (Male) |
| 6:01 | Create | Villager (Male) |
| 6:51 | Create | Villager (Male) |
| 6:52 | Create | Villager (Male) |
| 6:52 | Create | Villager (Male) |
| 7:03 | Create | Villager (Male) |
| 7:03 | Create | Villager (Male) |
| 7:03 | Create | Villager (Male) |
| 7:40 | Create | Villager (Male) |
| 7:41 | Create | Villager (Male) |
| 8:07 | Create | Villager (Male) |
| 8:07 | Create | Villager (Male) |
| 8:08 | Create | Villager (Male) |
| 8:29 | Build | House |
| 8:31 | Build | House |
| 8:45 | Build | Mill |
| 8:53 | Create | Villager (Male) |
| 8:53 | Create | Villager (Male) |
| 8:53 | Create | Villager (Male) |
| 9:49 | Create | Villager (Male) |
| 9:50 | Create | Villager (Male) |
| 9:56 | Build | House |
| 10:53 | Build | Farm |
| 11:02 | Build | Farm |
| 11:03 | Build | Farm |
| 11:15 | Build | Palisade Gate |
| 11:28 | Build | Lumber Camp |
| 11:35 | Create | Villager (Male) |
| 11:35 | Create | Villager (Male) |
| 11:55 | Build | Mill |
| 12:23 | Build | House |
| 12:24 | Build | House |
| 12:35 | Create | Villager (Male) |
| 12:35 | Create | Villager (Male) |
| 12:46 | Build | Mining Camp |
| 13:08 | Build | Farm |
| 13:42 | Build | Palisade Gate |
| 13:57 | Build | Farm |
| 13:59 | Build | Farm |
| 14:13 | Build | Barracks |
| 15:06 | Research | Feudal Age |
| 15:06 | Research | Feudal Age |
| 15:24 | Build | Donjon |
| 15:34 | Build | Mining Camp |
| 16:18 | Build | House |
| 16:51 | Create | Villager (Male) |
| 16:52 | Create | Villager (Male) |
| 16:52 | Create | Villager (Male) |
| 16:52 | Create | Villager (Male) |
| 17:16 | Age | Feudal Age |
| 17:34 | Build | Market |
| 17:41 | Build | House |
| 18:12 | Build | Blacksmith |
| 18:46 | Build | Donjon |
| 19:07 | Build | Palisade Gate |
| 19:31 | Build | Palisade Wall |
| 19:35 | Build | Palisade Wall |
| 19:39 | Build | Palisade Wall |
| 19:42 | Build | Palisade Wall |
| 19:47 | Build | Palisade Wall |
| 19:54 | Create | Villager (Male) |
| 19:54 | Create | Villager (Male) |
| 19:54 | Create | Villager (Male) |
| 20:15 | Build | Farm |
| 20:41 | Build | Farm |
| 20:57 | Build | Farm |
| 21:14 | Build | Donjon |
| 22:29 | Research | Castle Age |
| 22:30 | Research | Castle Age |
| 22:30 | Research | Castle Age |
| 22:47 | Build | Palisade Wall |
| 23:21 | Research | Double-Bit Axe |
| 23:54 | Create | Serjeant |
| 23:55 | Create | Serjeant |
| 23:55 | Create | Serjeant |
| 24:51 | Create | Villager (Male) |
| 24:52 | Create | Villager (Male) |
| 24:52 | Create | Villager (Male) |
| 25:09 | Age | Castle Age |
| 25:34 | Create | Villager (Male) |
| 25:34 | Create | Villager (Male) |
| 25:48 | Build | Farm |
| 26:51 | Create | Villager (Male) |
| 26:52 | Create | Villager (Male) |
| 26:52 | Create | Villager (Male) |
| 26:52 | Create | Villager (Male) |
| 27:01 | Build | Farm |
| 27:03 | Build | Farm |
| 27:04 | Build | Farm |
| 27:35 | Build | Town Center |
| 28:24 | Create | Villager (Male) |
| 28:24 | Create | Villager (Male) |
| 28:33 | Build | Farm |
| 28:34 | Build | Farm |
| 28:34 | Build | Farm |
| 28:35 | Build | Farm |
| 28:44 | Build | Farm |
| 28:45 | Build | Farm |
| 28:46 | Build | Farm |
| 28:47 | Build | Farm |
| 28:49 | Build | Farm |
| 29:16 | Build | Town Center |
| 29:31 | Create | Serjeant |
| 29:31 | Create | Serjeant |
| 29:32 | Create | Serjeant |
| 29:32 | Create | Serjeant |
| 30:00 | Build | Farm |
| 30:05 | Research | Bow Saw |
| 30:13 | Create | Villager (Male) |
| 30:13 | Create | Villager (Male) |
| 30:13 | Create | Villager (Male) |
| 30:14 | Create | Villager (Male) |
| 30:14 | Create | Villager (Male) |
| 30:19 | Build | House |
| 30:19 | Build | House |
| 30:20 | Build | House |
| 30:20 | Build | House |
| 30:21 | Build | House |
| 30:22 | Build | House |
| 30:22 | Build | House |
| 31:25 | Create | Villager (Male) |
| 31:25 | Create | Villager (Male) |
| 31:37 | Create | Serjeant |
| 31:37 | Create | Serjeant |
| 31:37 | Create | Serjeant |
| 31:42 | Research | Scale Mail Armor |
| 31:42 | Research | Fletching |
| 31:49 | Create | Villager (Male) |
| 31:49 | Create | Villager (Male) |
| 31:49 | Create | Villager (Male) |
| 32:26 | Research | Wheelbarrow |
| 32:40 | Create | Villager (Male) |
| 32:40 | Create | Villager (Male) |
| 32:40 | Create | Villager (Male) |
| 32:54 | Build | Farm |
Build order — 小露露
First 150 of 333 actions detected
| 0:01 | Build | House |
| 2:04 | Build | Town Center |
| 4:18 | Research | Loom |
| 4:28 | Create | Villager (Male) |
| 4:29 | Create | Villager (Male) |
| 4:29 | Create | Villager (Male) |
| 4:29 | Create | Villager (Male) |
| 4:29 | Create | Villager (Male) |
| 5:22 | Build | Lumber Camp |
| 6:25 | Build | House |
| 6:39 | Create | Villager (Male) |
| 6:39 | Create | Villager (Male) |
| 6:51 | Build | House |
| 7:16 | Create | Villager (Male) |
| 7:16 | Create | Villager (Male) |
| 7:25 | Build | House |
| 7:46 | Create | Villager (Male) |
| 7:46 | Create | Villager (Male) |
| 8:28 | Create | Villager (Male) |
| 8:52 | Create | Villager (Male) |
| 8:52 | Create | Villager (Male) |
| 9:33 | Build | House |
| 9:47 | Create | Villager (Male) |
| 9:48 | Create | Villager (Male) |
| 10:40 | Create | Villager (Male) |
| 10:42 | Create | Villager (Male) |
| 10:42 | Create | Villager (Male) |
| 10:42 | Create | Villager (Male) |
| 10:44 | Create | Villager (Male) |
| 11:14 | Create | Villager (Male) |
| 11:15 | Create | Villager (Male) |
| 11:36 | Create | Villager (Male) |
| 11:46 | Create | Villager (Male) |
| 12:02 | Build | House |
| 12:15 | Create | Villager (Male) |
| 12:24 | Create | Villager (Male) |
| 12:24 | Create | Villager (Male) |
| 12:36 | Create | Villager (Male) |
| 12:36 | Create | Villager (Male) |
| 12:47 | Create | Villager (Male) |
| 12:57 | Build | Mill |
| 13:32 | Build | Mining Camp |
| 14:27 | Build | House |
| 14:35 | Build | House |
| 15:03 | Research | Feudal Age |
| 16:04 | Create | Villager (Male) |
| 16:05 | Create | Villager (Male) |
| 16:05 | Create | Villager (Male) |
| 16:20 | Build | House |
| 16:29 | Build | House |
| 16:50 | Build | House |
| 16:57 | Build | Mill |
| 17:16 | Build | House |
| 17:25 | Age | Feudal Age |
| 17:37 | Create | Villager (Male) |
| 17:39 | Build | Blacksmith |
| 17:42 | Build | Market |
| 18:38 | Build | Palisade Wall |
| 18:39 | Build | Palisade Gate |
| 18:42 | Build | Barracks |
| 18:49 | Build | Palisade Wall |
| 18:50 | Build | Palisade Gate |
| 19:22 | Research | Castle Age |
| 19:23 | Research | Castle Age |
| 19:47 | Build | House |
| 19:49 | Build | House |
| 19:52 | Build | Palisade Wall |
| 19:56 | Create | Spearman |
| 20:03 | Research | Double-Bit Axe |
| 20:50 | Research | Town Watch |
| 20:53 | Research | Gold Mining |
| 21:23 | Research | Wheelbarrow |
| 21:32 | Research | Stone Mining |
| 21:35 | Research | Horse Collar |
| 22:02 | Age | Castle Age |
| 22:27 | Build | Town Center |
| 22:32 | Build | Mill |
| 22:44 | Build | Town Center |
| 22:49 | Research | Bow Saw |
| 22:55 | Research | Heavy Plow |
| 23:18 | Research | Gold Shaft Mining |
| 23:24 | Create | Villager (Male) |
| 23:40 | Create | Villager (Male) |
| 24:18 | Create | Villager (Male) |
| 24:27 | Build | Lumber Camp |
| 24:31 | Create | Villager (Male) |
| 24:31 | Create | Villager (Male) |
| 24:48 | Create | Villager (Male) |
| 24:51 | Build | Farm |
| 24:52 | Build | Farm |
| 25:09 | Create | Villager (Male) |
| 25:14 | Build | Farm |
| 25:17 | Build | Farm |
| 25:20 | Build | Farm |
| 25:31 | Create | Villager (Male) ×4 |
| 25:44 | Create | Villager (Male) |
| 26:03 | Build | Town Center |
| 26:06 | Create | Villager (Male) |
| 26:06 | Create | Villager (Male) |
| 26:07 | Create | Villager (Male) |
| 26:11 | Create | Villager (Male) |
| 26:12 | Create | Villager (Male) |
| 26:20 | Build | Stone Wall |
| 26:25 | Create | Villager (Male) |
| 26:32 | Create | Villager (Male) |
| 26:32 | Create | Villager (Male) |
| 26:33 | Create | Villager (Male) |
| 26:33 | Create | Villager (Male) |
| 26:33 | Create | Villager (Male) |
| 26:44 | Create | Villager (Male) |
| 26:52 | Build | Lumber Camp |
| 26:56 | Create | Villager (Male) |
| 26:56 | Create | Villager (Male) |
| 27:01 | Build | Farm |
| 27:01 | Build | Farm |
| 27:03 | Build | Farm |
| 27:10 | Build | Stone Wall |
| 27:12 | Build | Gate |
| 27:14 | Build | Gate |
| 27:28 | Build | Stone Wall |
| 27:30 | Build | Gate |
| 27:38 | Create | Villager (Male) |
| 27:41 | Create | Villager (Male) |
| 27:42 | Create | Villager (Male) |
| 27:44 | Create | Villager (Male) |
| 27:50 | Build | Farm |
| 27:55 | Build | Farm |
| 28:00 | Create | Villager (Male) |
| 28:01 | Create | Villager (Male) |
| 28:01 | Create | Villager (Male) |
| 28:06 | Create | Villager (Male) |
| 28:06 | Create | Villager (Male) |
| 28:16 | Build | Town Center |
| 28:22 | Create | Villager (Male) |
| 28:44 | Build | Outpost |
| 28:44 | Build | House |
| 28:46 | Create | Villager (Male) |
| 28:46 | Create | Villager (Male) |
| 28:46 | Create | Villager (Male) |
| 28:50 | Build | Farm |
| 28:52 | Create | Villager (Male) |
| 29:05 | Build | Farm |
| 29:06 | Build | Farm |
| 29:08 | Build | Monastery |
| 29:26 | Build | Town Center |
| 29:29 | Create | Villager (Male) ×5 |
| 29:39 | Create | Villager (Male) |
| 29:39 | Create | Villager (Male) |
| 29:40 | Create | Villager (Male) |
| 29:40 | Create | Villager (Male) |
Build order — MARK888
First 150 of 481 actions detected
| 0:25 | Build | Town Center |
| 2:20 | Build | House |
| 2:25 | Research | Loom |
| 2:25 | Create | Villager (Male) |
| 2:25 | Create | Villager (Male) |
| 2:26 | Create | Villager (Male) |
| 2:26 | Create | Villager (Male) |
| 4:14 | Build | House |
| 4:15 | Build | House |
| 4:16 | Build | House |
| 4:17 | Build | House |
| 4:25 | Create | Villager (Male) |
| 4:25 | Create | Villager (Male) |
| 4:47 | Create | Villager (Male) |
| 4:47 | Create | Villager (Male) |
| 5:24 | Create | Villager (Male) |
| 6:06 | Create | Villager (Male) |
| 6:06 | Create | Villager (Male) |
| 6:06 | Create | Villager (Male) |
| 7:02 | Create | Villager (Male) |
| 7:03 | Create | Villager (Male) |
| 7:03 | Create | Villager (Male) |
| 7:03 | Create | Villager (Male) |
| 8:01 | Build | Mill |
| 9:18 | Create | Villager (Male) |
| 9:18 | Create | Villager (Male) |
| 9:19 | Create | Villager (Male) |
| 9:19 | Create | Villager (Male) |
| 9:19 | Create | Villager (Male) |
| 9:19 | Create | Villager (Male) |
| 10:17 | Create | Villager (Male) |
| 10:46 | Create | Villager (Male) |
| 10:46 | Create | Villager (Male) |
| 10:46 | Create | Villager (Male) |
| 10:57 | Build | Mining Camp |
| 12:04 | Research | Feudal Age |
| 14:23 | Age | Feudal Age |
| 14:33 | Build | Market |
| 14:39 | Build | Blacksmith |
| 15:02 | Build | Stone Wall |
| 15:17 | Build | Stone Wall |
| 15:23 | Build | Stone Wall |
| 15:28 | Research | Castle Age |
| 16:02 | Build | House |
| 16:15 | Build | Gate |
| 16:44 | Build | Stone Wall |
| 18:08 | Age | Castle Age |
| 18:12 | Build | Town Center |
| 18:15 | Create | Villager (Male) |
| 18:15 | Create | Villager (Male) |
| 18:15 | Create | Villager (Male) |
| 18:16 | Create | Villager (Male) |
| 18:16 | Create | Villager (Male) |
| 18:16 | Create | Villager (Male) |
| 18:17 | Create | Villager (Male) |
| 18:33 | Build | House |
| 19:10 | Create | Villager (Male) |
| 19:10 | Create | Villager (Male) |
| 19:10 | Create | Villager (Male) |
| 19:10 | Create | Villager (Male) |
| 19:11 | Create | Villager (Male) |
| 19:11 | Create | Villager (Male) |
| 19:23 | Build | Town Center |
| 19:29 | Build | House |
| 19:39 | Create | Villager (Male) |
| 19:39 | Create | Villager (Male) |
| 19:39 | Create | Villager (Male) |
| 20:04 | Build | Stone Wall |
| 20:12 | Build | House |
| 20:42 | Create | Villager (Male) |
| 20:42 | Create | Villager (Male) |
| 20:42 | Create | Villager (Male) |
| 20:49 | Build | Farm |
| 20:49 | Build | Farm |
| 20:49 | Build | Farm |
| 20:49 | Build | Farm |
| 20:50 | Build | Farm |
| 20:50 | Build | Farm |
| 20:50 | Build | Farm |
| 21:09 | Build | House |
| 22:05 | Build | Farm |
| 22:05 | Build | Farm |
| 22:05 | Build | Farm |
| 22:05 | Build | Farm |
| 22:06 | Build | Farm |
| 22:06 | Build | Farm |
| 22:06 | Build | Farm |
| 22:06 | Build | Farm |
| 22:16 | Build | House |
| 22:21 | Create | Villager (Male) |
| 22:22 | Create | Villager (Male) |
| 22:49 | Create | Villager (Male) |
| 22:57 | Build | House |
| 23:00 | Build | House |
| 23:05 | Create | Villager (Male) |
| 23:06 | Create | Villager (Male) |
| 23:07 | Create | Villager (Male) |
| 23:07 | Create | Villager (Male) |
| 23:12 | Create | Villager (Male) |
| 23:12 | Create | Villager (Male) |
| 23:13 | Create | Villager (Male) |
| 23:13 | Create | Villager (Male) |
| 23:39 | Build | Town Center |
| 23:47 | Research | Wheelbarrow |
| 23:49 | Create | Villager (Male) |
| 23:50 | Create | Villager (Male) |
| 23:54 | Create | Villager (Male) |
| 23:54 | Create | Villager (Male) |
| 24:05 | Build | Farm |
| 24:05 | Build | Farm |
| 24:06 | Build | Farm |
| 24:06 | Build | Farm |
| 24:06 | Build | Farm |
| 24:06 | Build | Farm |
| 24:07 | Build | Farm |
| 24:07 | Build | Farm |
| 24:24 | Create | Villager (Male) |
| 24:25 | Create | Villager (Male) |
| 24:25 | Create | Villager (Male) |
| 24:25 | Create | Villager (Male) |
| 24:56 | Build | Stone Wall |
| 24:59 | Create | Villager (Male) |
| 24:59 | Create | Villager (Male) |
| 24:59 | Create | Villager (Male) |
| 25:00 | Create | Villager (Male) |
| 25:00 | Create | Villager (Male) |
| 25:21 | Create | Villager (Male) |
| 25:21 | Create | Villager (Male) |
| 25:21 | Create | Villager (Male) |
| 25:21 | Create | Villager (Male) |
| 25:22 | Create | Villager (Male) |
| 25:22 | Create | Villager (Male) |
| 25:31 | Build | Farm |
| 25:31 | Build | Farm |
| 25:32 | Build | Farm |
| 25:32 | Build | Farm |
| 25:32 | Build | Farm |
| 25:32 | Build | Farm |
| 25:33 | Build | Farm |
| 25:33 | Build | Farm |
| 25:34 | Build | Farm |
| 25:42 | Create | Villager (Male) |
| 25:42 | Create | Villager (Male) |
| 25:42 | Create | Villager (Male) |
| 26:05 | Create | Villager (Male) |
| 26:05 | Create | Villager (Male) |
| 26:05 | Create | Villager (Male) |
| 26:05 | Create | Villager (Male) |
| 26:06 | Create | Villager (Male) |
| 26:06 | Create | Villager (Male) |
Build order — MING4888
First 150 of 264 actions detected
| 0:15 | Build | Town Center |
| 2:09 | Build | House |
| 2:26 | Create | Villager (Male) |
| 2:27 | Create | Villager (Male) |
| 2:27 | Create | Villager (Male) |
| 2:27 | Create | Villager (Male) |
| 2:33 | Build | House |
| 2:48 | Build | Mill |
| 3:37 | Create | Villager (Male) |
| 3:40 | Research | Loom |
| 4:04 | Create | Villager (Male) |
| 4:05 | Create | Villager (Male) |
| 4:05 | Create | Villager (Male) |
| 4:05 | Create | Villager (Male) |
| 4:49 | Build | House |
| 4:51 | Build | House |
| 5:07 | Create | Villager (Male) |
| 5:08 | Create | Villager (Male) |
| 5:29 | Create | Villager (Male) |
| 5:29 | Create | Villager (Male) |
| 5:31 | Create | Villager (Male) |
| 5:52 | Create | Villager (Male) |
| 5:52 | Create | Villager (Male) |
| 6:03 | Create | Villager (Male) |
| 6:03 | Create | Villager (Male) |
| 6:16 | Create | Villager (Male) |
| 6:16 | Create | Villager (Male) |
| 6:16 | Create | Villager (Male) |
| 7:53 | Create | Villager (Male) |
| 7:53 | Create | Villager (Male) |
| 7:58 | Create | Villager (Male) |
| 7:58 | Create | Villager (Male) |
| 8:23 | Build | House |
| 8:24 | Build | House |
| 8:27 | Create | Villager (Male) |
| 8:35 | Create | Villager (Male) |
| 8:36 | Create | Villager (Male) |
| 8:36 | Create | Villager (Male) |
| 8:46 | Create | Villager (Male) |
| 8:46 | Create | Villager (Male) |
| 8:46 | Create | Villager (Male) |
| 9:08 | Build | Mill |
| 9:49 | Build | Mining Camp |
| 11:14 | Build | Mill |
| 11:15 | Create | Villager (Male) |
| 11:38 | Research | Feudal Age |
| 12:59 | Build | Mill |
| 13:06 | Create | Villager (Male) |
| 13:36 | Create | Villager (Male) |
| 13:47 | Create | Villager (Male) |
| 14:00 | Build | Blacksmith |
| 14:05 | Build | Barracks |
| 14:07 | Create | Villager (Male) |
| 14:25 | Create | Villager (Male) |
| 14:36 | Build | Mill |
| 14:49 | Create | Villager (Male) |
| 14:54 | Build | Stable |
| 15:38 | Build | Mill |
| 15:40 | Research | Castle Age |
| 15:40 | Research | Castle Age |
| 16:16 | Build | House |
| 16:23 | Research | Bloodlines |
| 16:26 | Research | Scale Barding Armor |
| 16:26 | Research | Scale Barding Armor |
| 16:51 | Build | House |
| 16:59 | Create | Villager (Male) |
| 17:11 | Create | Villager (Male) |
| 17:16 | Build | Stable |
| 17:23 | Build | Palisade Wall |
| 17:26 | Research | Forging |
| 17:26 | Research | Forging |
| 17:49 | Create | Villager (Male) |
| 18:23 | Build | Mill |
| 18:26 | Create | Villager (Male) |
| 18:37 | Research | Chain Barding Armor |
| 18:38 | Create | Steppe Lancer |
| 18:39 | Create | Steppe Lancer |
| 18:59 | Create | Steppe Lancer |
| 19:12 | Build | Siege Workshop |
| 19:19 | Create | Steppe Lancer |
| 19:20 | Create | Steppe Lancer |
| 19:34 | Create | Villager (Male) |
| 19:43 | Create | Steppe Lancer |
| 19:44 | Create | Steppe Lancer |
| 20:00 | Create | Battering Ram |
| 20:03 | Build | House |
| 20:18 | Create | Villager (Male) |
| 20:32 | Build | House |
| 20:34 | Build | House |
| 20:38 | Create | Steppe Lancer |
| 20:39 | Create | Steppe Lancer |
| 20:53 | Create | Villager (Male) |
| 21:19 | Create | Battering Ram |
| 21:20 | Create | Villager (Male) |
| 21:21 | Create | Villager (Male) |
| 21:35 | Create | Steppe Lancer |
| 21:38 | Create | Steppe Lancer |
| 21:51 | Build | House |
| 22:18 | Create | Battering Ram |
| 22:21 | Create | Villager (Male) |
| 22:33 | Create | Steppe Lancer |
| 22:43 | Build | House |
| 22:45 | Create | Villager (Male) |
| 23:00 | Create | Battering Ram |
| 23:04 | Create | Villager (Male) |
| 23:11 | Create | Steppe Lancer |
| 23:26 | Build | Mill |
| 23:55 | Create | Steppe Lancer |
| 24:05 | Create | Battering Ram |
| 24:33 | Create | Steppe Lancer |
| 24:34 | Create | Steppe Lancer |
| 25:01 | Create | Steppe Lancer |
| 25:18 | Create | Steppe Lancer |
| 25:20 | Create | Steppe Lancer |
| 25:25 | Create | Villager (Male) |
| 25:27 | Build | House |
| 25:28 | Build | House |
| 25:49 | Create | Steppe Lancer |
| 25:50 | Create | Steppe Lancer |
| 26:12 | Build | Town Center |
| 26:42 | Build | Town Center |
| 26:59 | Build | Farm |
| 27:00 | Build | Farm |
| 28:01 | Build | Farm |
| 28:06 | Build | Farm |
| 28:06 | Build | Farm |
| 28:18 | Build | Mill |
| 28:20 | Create | Villager (Male) |
| 28:23 | Create | Villager (Male) |
| 28:29 | Build | Farm |
| 28:48 | Build | Farm |
| 28:50 | Build | Farm |
| 28:52 | Create | Villager (Male) |
| 28:52 | Create | Villager (Male) |
| 29:09 | Build | Stone Wall |
| 29:11 | Create | Villager (Male) |
| 29:12 | Create | Villager (Male) |
| 29:38 | Create | Villager (Male) |
| 29:39 | Create | Villager (Male) |
| 30:03 | Create | Villager (Male) |
| 30:07 | Build | Farm |
| 30:20 | Create | Villager (Male) |
| 30:28 | Create | Villager (Male) |
| 30:33 | Create | Villager (Male) |
| 30:34 | Create | Villager (Male) |
| 30:34 | Create | Villager (Male) |
| 30:48 | Create | Villager (Male) |
| 31:09 | Build | Stone Wall |
| 31:15 | Build | Stone Wall |
| 31:18 | Build | House |
Build order — PlanetDurant
First 150 of 428 actions detected
| 0:11 | Build | Town Center |
| 0:23 | Build | Mill |
| 1:34 | Build | House |
| 3:02 | Create | Villager (Male) |
| 3:02 | Create | Villager (Male) |
| 3:02 | Create | Villager (Male) |
| 3:27 | Create | Villager (Male) |
| 3:55 | Research | Loom |
| 4:28 | Build | House |
| 5:15 | Create | Villager (Male) |
| 5:15 | Create | Villager (Male) |
| 5:16 | Create | Villager (Male) |
| 5:23 | Build | Palisade Wall |
| 5:39 | Create | Villager (Male) |
| 5:55 | Create | Villager (Male) |
| 6:56 | Create | Villager (Male) |
| 7:13 | Create | Villager (Male) |
| 7:30 | Create | Villager (Male) |
| 7:30 | Create | Villager (Male) |
| 8:14 | Create | Villager (Male) |
| 8:30 | Build | House |
| 9:00 | Create | Villager (Male) |
| 9:00 | Create | Villager (Male) |
| 9:40 | Build | House |
| 9:42 | Create | Villager (Male) |
| 9:56 | Create | Villager (Male) |
| 10:31 | Create | Villager (Male) |
| 10:48 | Create | Villager (Male) |
| 11:14 | Create | Villager (Male) |
| 11:46 | Build | Mill |
| 11:54 | Create | Villager (Male) |
| 12:12 | Create | Villager (Male) |
| 12:16 | Build | House |
| 12:43 | Create | Villager (Male) |
| 12:53 | Build | House |
| 13:11 | Build | Mining Camp |
| 13:15 | Create | Villager (Male) |
| 13:29 | Build | House |
| 13:51 | Research | Feudal Age |
| 14:05 | Build | House |
| 14:10 | Build | Palisade Wall |
| 14:11 | Build | Palisade Gate |
| 14:16 | Build | Palisade Wall |
| 14:17 | Build | Palisade Gate |
| 14:23 | Build | Palisade Gate |
| 15:11 | Build | House |
| 15:33 | Build | House |
| 15:53 | Create | Villager (Male) |
| 16:01 | Age | Feudal Age |
| 16:05 | Build | Blacksmith |
| 16:14 | Build | Market |
| 16:19 | Create | Villager (Male) |
| 17:06 | Research | Castle Age |
| 17:06 | Research | Castle Age |
| 17:06 | Research | Castle Age |
| 17:10 | Build | Palisade Wall |
| 17:11 | Build | Palisade Gate |
| 17:17 | Build | Lumber Camp |
| 18:18 | Build | Palisade Wall |
| 18:22 | Build | Palisade Wall |
| 18:24 | Build | Palisade Gate |
| 18:31 | Research | Double-Bit Axe |
| 18:42 | Research | Horse Collar |
| 19:29 | Create | Villager (Male) |
| 19:46 | Age | Castle Age |
| 19:49 | Build | Town Center |
| 19:50 | Create | Villager (Male) ×5 |
| 19:54 | Build | Town Center |
| 20:15 | Build | Town Center |
| 20:19 | Create | Villager (Male) |
| 20:44 | Build | House |
| 21:02 | Research | Heavy Plow |
| 21:12 | Create | Villager (Male) |
| 21:18 | Build | House |
| 21:20 | Create | Villager (Male) |
| 21:34 | Create | Villager (Male) |
| 21:35 | Create | Villager (Male) |
| 21:35 | Create | Villager (Male) |
| 21:44 | Build | Farm |
| 21:44 | Build | Farm |
| 21:44 | Build | Farm |
| 21:44 | Build | Farm |
| 21:45 | Build | Farm |
| 21:45 | Build | Farm |
| 21:49 | Build | House |
| 21:56 | Create | Villager (Male) |
| 22:12 | Build | Farm |
| 22:19 | Build | House |
| 22:29 | Build | Farm |
| 22:36 | Create | Villager (Male) |
| 22:37 | Create | Villager (Male) |
| 22:37 | Create | Villager (Male) |
| 22:40 | Build | Farm |
| 22:41 | Build | Farm |
| 22:41 | Build | Farm |
| 22:41 | Build | Farm |
| 22:41 | Build | Farm |
| 22:42 | Build | Farm |
| 22:43 | Create | Villager (Male) |
| 22:46 | Create | Villager (Male) |
| 22:47 | Create | Villager (Male) |
| 22:47 | Create | Villager (Male) |
| 23:05 | Build | Farm |
| 23:06 | Create | Villager (Male) |
| 23:08 | Build | Farm |
| 23:18 | Build | Farm |
| 23:22 | Build | Farm |
| 23:29 | Build | Farm |
| 23:31 | Create | Villager (Male) |
| 23:36 | Build | Farm |
| 23:46 | Build | Lumber Camp |
| 23:55 | Create | Villager (Male) |
| 23:55 | Create | Villager (Male) |
| 23:55 | Create | Villager (Male) |
| 24:02 | Build | Farm |
| 24:02 | Create | Villager (Male) |
| 24:03 | Create | Villager (Male) |
| 24:03 | Create | Villager (Male) |
| 24:03 | Create | Villager (Male) |
| 24:28 | Create | Villager (Male) |
| 24:31 | Build | Farm |
| 24:32 | Create | Villager (Male) |
| 24:32 | Create | Villager (Male) |
| 24:35 | Build | Farm |
| 24:46 | Build | Town Center |
| 24:52 | Create | Villager (Male) |
| 25:01 | Create | Villager (Male) |
| 25:05 | Build | Farm |
| 25:05 | Build | Farm |
| 25:05 | Build | Farm |
| 25:06 | Build | Farm |
| 25:12 | Create | Villager (Male) |
| 25:12 | Create | Villager (Male) |
| 25:13 | Create | Villager (Male) |
| 25:13 | Create | Villager (Male) |
| 25:19 | Build | Farm |
| 25:24 | Build | Farm |
| 25:25 | Create | Villager (Male) |
| 25:33 | Create | Villager (Male) |
| 25:37 | Create | Villager (Male) |
| 25:37 | Create | Villager (Male) |
| 25:40 | Build | Farm |
| 25:41 | Build | Farm |
| 25:42 | Build | Farm |
| 25:43 | Build | Farm |
| 26:02 | Build | Farm |
| 26:03 | Create | Villager (Male) |
| 26:06 | Build | Farm |
| 26:06 | Create | Villager (Male) |
| 26:09 | Create | Villager (Male) |
Build order — Healer_Monk (!)
First 150 of 184 actions detected
| 0:40 | Build | Town Center |
| 1:44 | Build | House |
| 2:37 | Create | Villager (Male) |
| 2:38 | Create | Villager (Male) |
| 2:38 | Create | Villager (Male) |
| 2:38 | Create | Villager (Male) |
| 2:39 | Research | Loom |
| 3:13 | Create | Villager (Male) |
| 3:13 | Create | Villager (Male) |
| 3:14 | Create | Villager (Male) |
| 3:14 | Create | Villager (Male) |
| 3:14 | Create | Villager (Male) |
| 3:23 | Build | House |
| 4:22 | Create | Villager (Male) |
| 4:23 | Create | Villager (Male) |
| 4:23 | Create | Villager (Male) |
| 4:23 | Create | Villager (Male) |
| 4:52 | Create | Villager (Male) |
| 4:52 | Create | Villager (Male) |
| 4:52 | Create | Villager (Male) |
| 4:52 | Create | Villager (Male) |
| 5:46 | Create | Villager (Male) |
| 5:47 | Create | Villager (Male) |
| 5:47 | Create | Villager (Male) |
| 5:47 | Create | Villager (Male) |
| 5:47 | Create | Villager (Male) |
| 5:47 | Create | Villager (Male) |
| 6:06 | Build | House |
| 6:07 | Build | House |
| 6:59 | Build | Lumber Camp |
| 7:09 | Create | Villager (Male) |
| 7:10 | Create | Villager (Male) |
| 7:10 | Create | Villager (Male) |
| 7:10 | Create | Villager (Male) |
| 7:10 | Create | Villager (Male) |
| 7:29 | Create | Villager (Male) |
| 7:44 | Create | Villager (Male) |
| 7:44 | Create | Villager (Male) |
| 7:44 | Create | Villager (Male) |
| 7:54 | Create | Villager (Male) |
| 8:50 | Build | Palisade Wall |
| 9:18 | Build | Mill |
| 9:25 | Create | Villager (Male) |
| 9:25 | Create | Villager (Male) |
| 10:55 | Research | Feudal Age |
| 10:56 | Research | Feudal Age |
| 11:40 | Create | Villager (Male) |
| 11:40 | Create | Villager (Male) |
| 12:16 | Age | Feudal Age |
| 12:19 | Build | Market |
| 12:26 | Create | Villager (Male) |
| 12:27 | Create | Villager (Male) |
| 12:49 | Build | Blacksmith |
| 13:33 | Build | Palisade Wall |
| 13:36 | Build | House |
| 13:55 | Create | Villager (Male) |
| 14:24 | Build | Mining Camp |
| 15:00 | Research | Castle Age |
| 15:00 | Research | Castle Age |
| 15:00 | Research | Castle Age |
| 15:54 | Build | Farm |
| 16:00 | Create | Villager (Male) |
| 16:00 | Create | Villager (Male) |
| 16:07 | Build | Farm |
| 16:10 | Build | Farm |
| 16:36 | Age | Castle Age |
| 16:36 | Build | Farm |
| 16:51 | Create | Villager (Male) |
| 16:51 | Create | Villager (Male) |
| 16:51 | Create | Villager (Male) |
| 16:52 | Create | Villager (Male) |
| 17:27 | Build | Castle |
| 17:46 | Research | Double-Bit Axe |
| 17:52 | Build | Farm |
| 18:25 | Build | Palisade Wall |
| 18:27 | Create | Karambit Warrior |
| 18:28 | Create | Karambit Warrior |
| 18:36 | Build | Farm |
| 18:40 | Build | Farm |
| 19:06 | Build | Farm |
| 19:10 | Build | Farm |
| 19:19 | Research | Fletching |
| 19:31 | Build | Stone Wall |
| 19:40 | Build | Siege Workshop |
| 19:49 | Build | Farm |
| 20:00 | Create | Villager (Male) |
| 20:00 | Create | Villager (Male) |
| 20:00 | Create | Villager (Male) |
| 20:00 | Create | Villager (Male) |
| 20:00 | Create | Villager (Male) |
| 20:15 | Build | Farm |
| 20:20 | Build | House |
| 20:21 | Build | House |
| 20:24 | Build | House |
| 20:25 | Build | House |
| 20:32 | Create | Karambit Warrior |
| 20:33 | Create | Karambit Warrior |
| 20:33 | Create | Karambit Warrior |
| 20:33 | Create | Karambit Warrior |
| 20:34 | Create | Karambit Warrior |
| 20:44 | Create | Karambit Warrior |
| 20:45 | Create | Karambit Warrior |
| 20:45 | Create | Karambit Warrior |
| 21:16 | Create | Battering Ram |
| 21:23 | Build | House |
| 21:27 | Create | Villager (Male) |
| 21:27 | Create | Villager (Male) |
| 21:27 | Create | Villager (Male) |
| 21:35 | Create | Karambit Warrior |
| 21:36 | Create | Karambit Warrior |
| 21:36 | Create | Karambit Warrior |
| 21:36 | Create | Karambit Warrior |
| 21:44 | Create | Battering Ram |
| 22:08 | Build | Stone Wall |
| 22:13 | Create | Karambit Warrior |
| 22:13 | Create | Karambit Warrior |
| 22:13 | Create | Karambit Warrior |
| 22:44 | Create | Battering Ram |
| 22:45 | Create | Battering Ram |
| 22:58 | Create | Villager (Male) |
| 22:58 | Create | Villager (Male) |
| 22:58 | Create | Villager (Male) |
| 23:09 | Build | Stone Wall |
| 23:18 | Create | Karambit Warrior |
| 23:39 | Create | Karambit Warrior |
| 23:39 | Create | Karambit Warrior |
| 23:40 | Create | Karambit Warrior |
| 23:52 | Research | Forging |
| 24:29 | Build | House |
| 24:37 | Create | Karambit Warrior |
| 24:38 | Create | Karambit Warrior |
| 24:38 | Create | Karambit Warrior |
| 24:38 | Create | Karambit Warrior |
| 24:38 | Create | Karambit Warrior |
| 24:38 | Create | Karambit Warrior |
| 24:56 | Create | Karambit Warrior |
| 24:57 | Create | Karambit Warrior |
| 24:57 | Create | Karambit Warrior |
| 24:57 | Create | Karambit Warrior |
| 25:34 | Create | Karambit Warrior |
| 25:34 | Create | Karambit Warrior |
| 25:35 | Create | Karambit Warrior |
| 25:35 | Create | Karambit Warrior |
| 26:42 | Build | Town Center |
| 28:03 | Build | Town Center |
| 28:12 | Build | Town Center |
| 29:28 | Build | Town Center |
| 31:04 | Create | Villager (Male) |
| 31:04 | Create | Villager (Male) |
| 31:04 | Create | Villager (Male) |
Build order — texas190789
8 actions detected in the replay
| 0:59 | Build | Town Center |
| 3:14 | Build | House |
| 3:41 | Research | Loom |
| 3:42 | Create | Villager (Male) |
| 3:42 | Create | Villager (Male) |
| 3:43 | Create | Villager (Male) |
| 3:43 | Create | Villager (Male) |
| 3:43 | Create | Villager (Male) |
Build order — hoangdle1993
First 150 of 239 actions detected
| 0:58 | Build | Town Center |
| 3:10 | Create | Villager (Male) |
| 3:10 | Create | Villager (Male) |
| 3:11 | Create | Villager (Male) |
| 3:11 | Create | Villager (Male) |
| 3:17 | Research | Loom |
| 3:52 | Build | Mill |
| 3:59 | Create | Villager (Male) |
| 3:59 | Create | Villager (Male) |
| 4:00 | Create | Villager (Male) |
| 5:21 | Create | Villager (Male) |
| 5:22 | Create | Villager (Male) |
| 5:40 | Build | House |
| 5:41 | Build | House |
| 6:01 | Create | Villager (Male) |
| 6:29 | Create | Villager (Male) |
| 6:31 | Create | Villager (Male) |
| 6:31 | Create | Villager (Male) |
| 7:08 | Create | Villager (Male) |
| 8:06 | Create | Villager (Male) |
| 8:43 | Create | Villager (Male) |
| 8:58 | Create | Villager (Male) |
| 10:03 | Build | Mill |
| 10:05 | Create | Villager (Male) |
| 10:05 | Create | Villager (Male) |
| 10:06 | Create | Villager (Male) |
| 10:06 | Create | Villager (Male) |
| 10:06 | Create | Villager (Male) |
| 10:06 | Create | Villager (Male) |
| 10:45 | Build | Mining Camp |
| 10:49 | Create | Villager (Male) |
| 11:17 | Create | Villager (Male) |
| 12:39 | Research | Feudal Age |
| 13:14 | Create | Villager (Male) |
| 13:14 | Create | Villager (Male) |
| 13:14 | Create | Villager (Male) |
| 13:14 | Create | Villager (Male) |
| 13:23 | Build | House |
| 13:24 | Build | House |
| 13:29 | Build | Barracks |
| 14:35 | Build | Lumber Camp |
| 15:09 | Build | House |
| 15:10 | Age | Feudal Age |
| 15:18 | Research | Double-Bit Axe |
| 15:21 | Research | Horse Collar |
| 16:09 | Build | Mill |
| 16:11 | Create | Villager (Male) |
| 16:13 | Create | Villager (Male) |
| 16:34 | Build | Stable |
| 17:01 | Build | Farm |
| 17:01 | Build | Farm |
| 17:03 | Build | Farm |
| 17:40 | Build | Blacksmith |
| 17:45 | Create | Villager (Male) |
| 17:46 | Create | Villager (Male) |
| 18:16 | Build | Farm |
| 18:20 | Build | Farm |
| 18:25 | Build | Farm |
| 18:28 | Build | Farm |
| 18:34 | Build | Farm |
| 18:47 | Create | Villager (Male) |
| 18:57 | Create | Villager (Male) |
| 18:58 | Create | Villager (Male) |
| 19:17 | Research | Castle Age |
| 19:56 | Build | Mining Camp |
| 20:11 | Research | Stone Mining |
| 20:42 | Build | Market |
| 20:44 | Build | House |
| 21:16 | Research | Wheelbarrow |
| 21:17 | Research | Town Watch |
| 21:39 | Research | Bloodlines |
| 22:17 | Age | Castle Age |
| 22:24 | Build | Town Center |
| 22:32 | Create | Villager (Male) |
| 22:33 | Create | Villager (Male) |
| 22:45 | Build | Town Center |
| 23:13 | Build | Town Center |
| 23:28 | Create | Villager (Male) |
| 23:36 | Create | Villager (Male) ×5 |
| 23:41 | Create | Villager (Male) |
| 23:42 | Create | Villager (Male) |
| 23:52 | Research | Heavy Plow |
| 23:54 | Research | Bow Saw |
| 24:39 | Create | Villager (Male) |
| 24:40 | Create | Villager (Male) |
| 24:41 | Create | Villager (Male) |
| 24:41 | Create | Villager (Male) |
| 24:46 | Build | Farm |
| 24:58 | Build | Farm |
| 24:59 | Build | Farm |
| 24:59 | Build | Farm |
| 25:00 | Build | Farm |
| 25:01 | Build | Farm |
| 25:02 | Build | Farm |
| 25:03 | Build | Farm |
| 25:04 | Build | Farm |
| 25:11 | Build | Farm |
| 25:23 | Build | Farm |
| 25:23 | Build | Farm |
| 25:24 | Build | Farm |
| 25:25 | Build | Farm |
| 25:35 | Create | Villager (Male) |
| 25:37 | Create | Villager (Male) |
| 25:39 | Create | Villager (Male) |
| 25:39 | Create | Villager (Male) |
| 26:34 | Build | Farm |
| 26:35 | Build | Farm |
| 26:35 | Build | Farm |
| 26:39 | Create | Villager (Male) |
| 26:39 | Create | Villager (Male) |
| 26:44 | Research | Hand Cart |
| 26:58 | Create | Villager (Male) ×5 |
| 27:26 | Build | Castle |
| 27:29 | Create | Villager (Male) |
| 27:29 | Create | Villager (Male) |
| 27:30 | Create | Villager (Male) |
| 27:34 | Create | Villager (Male) |
| 27:34 | Create | Villager (Male) |
| 27:34 | Create | Villager (Male) |
| 27:35 | Create | Villager (Male) |
| 27:35 | Create | Villager (Male) |
| 29:00 | Build | House |
| 29:01 | Build | House |
| 29:06 | Build | House |
| 29:08 | Build | House |
| 29:08 | Build | House |
| 29:10 | Build | House |
| 29:26 | Build | University |
| 29:28 | Build | House |
| 29:29 | Build | House |
| 29:31 | Build | House |
| 29:59 | Research | Imperial Age |
| 30:19 | Research | Forging |
| 30:29 | Research | Gold Mining |
| 30:30 | Create | Villager (Male) |
| 30:31 | Create | Villager (Male) |
| 30:48 | Create | Villager (Male) |
| 30:48 | Create | Villager (Male) |
| 30:49 | Create | Villager (Male) |
| 30:49 | Create | Villager (Male) |
| 30:53 | Research | Stone Shaft Mining |
| 31:01 | Research | Szlachta Privileges |
| 31:16 | Build | Castle |
| 31:28 | Build | Stone Wall |
| 31:33 | Build | Gate |
| 31:39 | Create | Villager (Male) ×5 |
| 31:47 | Create | Villager (Male) |
| 31:48 | Create | Villager (Male) |
| 31:48 | Create | Villager (Male) |
| 31:48 | Create | Villager (Male) |
Match timeline
| 4:53 | texas190789 · resign |
| 5:23 | PlanetDurant · wall_segment Palisade Wall x1 |
| 8:50 | Healer_Monk (!) · wall_segment Palisade Wall x8 |
| 12:16 | Healer_Monk (!) · age_up feudal |
| 13:29 | hoangdle1993 · first_building Barracks |
| 13:33 | Healer_Monk (!) · wall_segment Palisade Wall x11 |
| 14:05 | MING4888 · first_building Barracks |
| 14:10 | PlanetDurant · wall_segment Palisade Wall x9 |
| 14:13 | ***Bloody Chainsaw*** · first_building Barracks |
| 14:16 | PlanetDurant · wall_segment Palisade Wall x7 |
| 14:23 | MARK888 · age_up feudal |
| 14:42 | Healer_Monk (!) · first_market_buy 100 food |
| 14:43 | Healer_Monk (!) · first_market_sell 100 wood |
| 14:54 | MING4888 · first_building Stable |
| 15:02 | MARK888 · wall_segment Stone Wall x6 |
| 15:10 | hoangdle1993 · age_up feudal |
| 15:17 | MARK888 · wall_segment Stone Wall x11 |
| 15:23 | MARK888 · wall_segment Stone Wall x6 |
| 15:24 | ***Bloody Chainsaw*** · first_building Donjon |
| 16:01 | PlanetDurant · age_up feudal |
| 16:34 | hoangdle1993 · first_building Stable |
| 16:36 | Healer_Monk (!) · age_up castle |
| 16:44 | MARK888 · wall_segment Stone Wall x10 |
| 17:10 | PlanetDurant · wall_segment Palisade Wall x6 |
| 17:16 | ***Bloody Chainsaw*** · age_up feudal |
| 17:23 | MING4888 · wall_segment Palisade Wall x1 |
| 17:25 | 小露露 · age_up feudal |
| 17:27 | Healer_Monk (!) · first_building Castle |
| 18:08 | MARK888 · age_up castle |
| 18:18 | PlanetDurant · wall_segment Palisade Wall x6 |
| 18:22 | PlanetDurant · wall_segment Palisade Wall x11 |
| 18:25 | Healer_Monk (!) · wall_segment Palisade Wall x15 |
| 18:38 | 小露露 · wall_segment Palisade Wall x8 |
| 18:42 | 小露露 · first_building Barracks |
| 18:49 | 小露露 · wall_segment Palisade Wall x7 |
| 19:12 | MING4888 · first_building Siege Workshop |
| 19:31 | ***Bloody Chainsaw*** · wall_segment Palisade Wall x4 |
| 19:31 | Healer_Monk (!) · wall_segment Stone Wall x8 |
| 19:35 | ***Bloody Chainsaw*** · wall_segment Palisade Wall x4 |
| 19:39 | ***Bloody Chainsaw*** · wall_segment Palisade Wall x4 |
| 19:40 | Healer_Monk (!) · first_building Siege Workshop |
| 19:42 | ***Bloody Chainsaw*** · wall_segment Palisade Wall x1 |
| 19:46 | PlanetDurant · age_up castle |
| 19:47 | ***Bloody Chainsaw*** · wall_segment Palisade Wall x4 |
| 19:52 | 小露露 · wall_segment Palisade Wall x3 |
| 20:04 | MARK888 · wall_segment Stone Wall x9 |
| 20:06 | PlanetDurant · first_market_buy 100 stone |
| 21:30 | 小露露 · first_market_buy 100 food |
| 22:02 | 小露露 · age_up castle |
| 22:08 | Healer_Monk (!) · wall_segment Stone Wall x7 |
| 22:17 | hoangdle1993 · age_up castle |
| 22:47 | ***Bloody Chainsaw*** · wall_segment Palisade Wall x7 |
| 23:09 | Healer_Monk (!) · wall_segment Stone Wall x12 |
| 24:56 | MARK888 · wall_segment Stone Wall x17 |
| 25:09 | ***Bloody Chainsaw*** · age_up castle |
| 26:20 | 小露露 · wall_segment Stone Wall x24 |
| 26:34 | PlanetDurant · first_building Barracks |
| 27:10 | 小露露 · wall_segment Stone Wall x13 |
| 27:25 | PlanetDurant · first_building Stable |
| 27:26 | hoangdle1993 · first_building Castle |
| 27:28 | 小露露 · wall_segment Stone Wall x21 |
| 27:34 | MARK888 · wall_segment Stone Wall x4 |
| 29:08 | 小露露 · first_building Monastery |
| 29:09 | MING4888 · wall_segment Stone Wall x7 |
| 29:46 | MARK888 · first_market_buy 100 stone |
| 29:48 | MARK888 · first_market_sell 100 wood |
| 30:05 | MARK888 · first_building Castle |
| 30:42 | PlanetDurant · first_building Castle |
| 30:51 | 小露露 · wall_segment Stone Wall x24 |
| 31:09 | MING4888 · wall_segment Stone Wall x17 |
| 31:12 | PlanetDurant · first_market_sell 100 wood |
| 31:15 | MING4888 · wall_segment Stone Wall x14 |
| 31:25 | MING4888 · wall_segment Stone Wall x3 |
| 31:28 | hoangdle1993 · wall_segment Stone Wall x8 |
| 31:36 | PlanetDurant · first_building Monastery |
| 32:24 | MING4888 · first_building Castle |
| 32:37 | PlanetDurant · tribute_sent a jugador 1 |
| 32:37 | PlanetDurant · tribute_sent a jugador 2 |
| 32:37 | PlanetDurant · tribute_sent a jugador 3 |
| 32:37 | PlanetDurant · tribute_sent a jugador 5 |
| 32:37 | PlanetDurant · tribute_sent a jugador 6 |
| 32:37 | PlanetDurant · tribute_sent a jugador 7 |
| 32:37 | PlanetDurant · tribute_sent a jugador 8 |
| 32:39 | MARK888 · first_building Barracks |
| 32:46 | MING4888 · wall_segment Stone Wall x13 |
| 33:09 | hoangdle1993 · age_up imperial |
| 33:49 | 小露露 · first_building Castle |
| 34:05 | ***Bloody Chainsaw*** · first_building Castle |
| 34:11 | 小露露 · wall_segment Stone Wall x19 |
| 34:13 | 小露露 · wall_segment Stone Wall x8 |
| 34:45 | MING4888 · wall_segment Stone Wall x15 |
| 35:08 | MARK888 · age_up imperial |
| 35:25 | MING4888 · wall_segment Stone Wall x13 |
| 36:25 | MING4888 · wall_segment Stone Wall x9 |
| 36:27 | MING4888 · wall_segment Stone Wall x9 |
| 37:43 | PlanetDurant · first_building Siege Workshop |
| 38:05 | MING4888 · wall_segment Stone Wall x25 |
| 39:13 | PlanetDurant · age_up imperial |
| 39:14 | MING4888 · first_building Archery Range |
| 39:26 | ***Bloody Chainsaw*** · first_market_buy 100 wood |
| 39:38 | MING4888 · wall_segment Stone Wall x16 |
| 39:43 | MING4888 · wall_segment Stone Wall x18 |
| 39:47 | MING4888 · wall_segment Stone Wall x9 |
| 39:50 | MING4888 · wall_segment Stone Wall x1 |
[ AI ANALYSIS · 1 CREDIT ]
What really happened in this match?
Wolo.gg analyzes every decision: build order, eco, micro, common mistakes by bracket. Personalized analysis on WhatsApp or Discord in 30 seconds.
Civ guide
Sicilians
Map guide
Land Nomad
Perfil
***Bloody Chainsaw***